[ AOE2 MATCH · #505842444 ]
UnrankedMapuche vs Wu
Player's team · WIN
Rival team · LOSS
[ REPLAY ANALYSIS · EXTRACTED FROM THE RECORDED GAME ]
Feudal
8:01
Castle
23:16
Imperial
—
| APM avg | 53.6 |
| APM peak | 82 |
| eAPM avg | 27.5 |
| Villagers / military | 81 / 38 |
Focus
⚔️ 34.5% · 🌾 65.5%
Kona ×28 · Archer ×4 · Monk ×3 · Spearman ×2 · Skirmisher ×1
Feudal
14:12
Castle
18:45
Imperial
—
| APM avg | 45.7 |
| APM peak | 73 |
| eAPM avg | 20.0 |
| Villagers / military | 62 / 29 |
Focus
⚔️ 34.2% · 🌾 65.8%
Unknown (1974) ×29 · Spearman ×21 · Militia ×5 · Battering Ram ×2 · Scorpion ×1
Match map
Initial resources + every placement click. Lines = walls · curves = elevation contours. ◆ gold · ⬟ stone · ● berries · ✦ relic · ◌ wall gap
Your base· ✓ Closed at 23:16 · 67t walls · 2 gate(s)
SaintedByArmor's base· ✓ Closed at 18:45 · 60t walls · no gate
Smoothed initial terrain · ◌ = detected wall gap · hover for details
Inputs per minute
— m0re - - SaintedByArmor
Build order — m0re
First 150 of 261 actions detected
| 0:00 | Create | Villager (Male) |
| 0:00 | Create | Villager (Male) |
| 0:01 | Build | House |
| 0:02 | Build | House |
| 0:07 | Create | Villager (Male) |
| 0:07 | Create | Villager (Male) |
| 1:32 | Create | Villager (Male) |
| 1:33 | Create | Villager (Male) |
| 1:44 | Build | Settlement |
| 2:06 | Create | Villager (Male) |
| 2:07 | Create | Villager (Male) |
| 2:48 | Create | Villager (Male) |
| 2:54 | Create | Villager (Male) |
| 3:43 | Create | Villager (Male) |
| 3:47 | Create | Villager (Male) |
| 4:09 | Create | Villager (Male) |
| 4:12 | Create | Villager (Male) |
| 4:32 | Build | Palisade Gate |
| 4:38 | Create | Villager (Male) |
| 4:38 | Create | Villager (Male) |
| 4:38 | Create | Villager (Male) |
| 5:25 | Create | Villager (Male) |
| 5:48 | Research | Feudal Age |
| 5:58 | Build | Palisade Wall |
| 6:02 | Build | Palisade Wall |
| 6:05 | Build | Palisade Wall |
| 6:13 | Build | House |
| 6:35 | Research | Loom |
| 6:35 | Research | Loom |
| 6:49 | Build | Palisade Wall |
| 7:21 | Build | Barracks |
| 8:01 | Age | Feudal Age |
| 8:06 | Create | Villager (Male) |
| 8:17 | Create | Villager (Male) |
| 8:40 | Create | Skirmisher |
| 9:03 | Create | Villager (Male) |
| 9:22 | Build | Archery Range |
| 9:24 | Create | Villager (Male) |
| 9:56 | Create | Villager (Male) |
| 9:57 | Research | Double-Bit Axe |
| 10:13 | Create | Archer |
| 10:15 | Create | Villager (Male) |
| 10:23 | Create | Archer |
| 10:23 | Create | Archer |
| 10:40 | Build | House |
| 10:42 | Create | Villager (Male) |
| 11:17 | Create | Villager (Male) |
| 11:23 | Build | Settlement |
| 11:40 | Create | Villager (Male) |
| 11:53 | Create | Archer |
| 11:56 | Build | Settlement |
| 12:24 | Create | Villager (Male) |
| 12:44 | Build | Blacksmith |
| 12:54 | Create | Villager (Male) |
| 13:24 | Create | Villager (Male) |
| 13:27 | Build | Farm |
| 13:29 | Build | Farm |
| 13:31 | Build | Farm |
| 13:58 | Create | Villager (Male) |
| 14:00 | Build | Farm |
| 14:01 | Build | Farm |
| 14:17 | Create | Villager (Male) |
| 14:21 | Build | Watch Tower |
| 14:34 | Build | Stone Wall |
| 14:35 | Build | Stone Wall |
| 14:36 | Build | Stone Wall |
| 14:36 | Build | Stone Wall |
| 14:37 | Build | Gate |
| 14:38 | Build | Stone Wall |
| 14:39 | Create | Villager (Male) |
| 14:44 | Build | Stone Wall |
| 14:45 | Build | Stone Wall |
| 14:45 | Build | Stone Wall |
| 14:47 | Build | Stone Wall |
| 14:50 | Create | Villager (Male) |
| 14:53 | Build | Stone Wall |
| 14:56 | Build | Stone Wall |
| 15:24 | Build | House |
| 15:26 | Build | Palisade Wall |
| 15:26 | Build | Palisade Wall |
| 15:27 | Build | Palisade Wall |
| 15:27 | Build | Palisade Wall |
| 15:41 | Research | Fletching |
| 15:42 | Create | Villager (Male) |
| 15:48 | Build | Farm |
| 16:00 | Create | Villager (Male) |
| 16:02 | Build | Farm |
| 16:02 | Build | Farm |
| 16:23 | Create | Villager (Male) |
| 16:29 | Create | Villager (Male) |
| 16:30 | Create | Villager (Male) |
| 16:36 | Create | Spearman |
| 16:46 | Build | Outpost |
| 16:57 | Build | Farm |
| 16:57 | Build | Farm |
| 17:01 | Create | Villager (Male) |
| 17:26 | Build | House |
| 17:28 | Create | Villager (Male) |
| 17:29 | Build | Farm |
| 17:45 | Build | Watch Tower |
| 17:56 | Create | Villager (Male) |
| 18:00 | Build | Palisade Wall |
| 18:00 | Build | Palisade Wall |
| 18:01 | Build | Palisade Wall |
| 18:01 | Build | Palisade Wall |
| 18:01 | Build | Palisade Wall |
| 18:08 | Create | Villager (Male) |
| 18:08 | Build | Farm |
| 18:17 | Build | Settlement |
| 18:27 | Create | Villager (Male) |
| 18:35 | Build | House |
| 18:36 | Build | House |
| 18:57 | Research | Wheelbarrow |
| 19:01 | Create | Spearman |
| 19:15 | Build | Market |
| 19:22 | Research | Horse Collar |
| 19:34 | Build | Palisade Wall |
| 19:35 | Build | Palisade Wall |
| 19:50 | Create | Villager (Male) |
| 19:57 | Build | Outpost |
| 19:59 | Build | Outpost |
| 20:14 | Build | House |
| 20:16 | Build | House |
| 20:16 | Build | Palisade Wall |
| 20:17 | Build | Palisade Wall |
| 20:36 | Research | Castle Age |
| 21:13 | Build | House |
| 21:14 | Build | House |
| 21:19 | Build | House |
| 21:41 | Build | Outpost |
| 21:54 | Research | Horse Collar |
| 21:54 | Research | Horse Collar |
| 21:55 | Research | Stone Mining |
| 21:55 | Research | Stone Mining |
| 21:56 | Research | Gold Mining |
| 21:56 | Research | Gold Mining |
| 22:11 | Build | Farm |
| 22:11 | Build | Farm |
| 22:16 | Build | Farm |
| 22:24 | Build | Outpost |
| 22:38 | Build | Palisade Wall |
| 22:39 | Build | Palisade Wall |
| 23:02 | Build | Palisade Wall |
| 23:04 | Build | Palisade Wall |
| 23:05 | Build | Palisade Wall |
| 23:09 | Build | Palisade Wall |
| 23:15 | Build | Palisade Wall |
| 23:16 | Build | Palisade Wall |
| 23:16 | Age | Castle Age |
| 23:17 | Build | Palisade Wall |
Build order — SaintedByArmor
First 150 of 207 actions detected
| 0:00 | Create | Villager (Male) |
| 0:00 | Create | Villager (Male) |
| 0:02 | Build | House |
| 0:04 | Build | House |
| 0:12 | Create | Villager (Male) |
| 0:12 | Create | Villager (Male) |
| 1:36 | Create | Villager (Male) |
| 1:57 | Create | Villager (Male) |
| 2:19 | Create | Villager (Male) |
| 2:24 | Build | House |
| 2:55 | Create | Villager (Male) |
| 3:12 | Create | Villager (Male) |
| 3:34 | Create | Villager (Male) |
| 4:07 | Create | Villager (Male) |
| 4:15 | Build | Barracks |
| 4:16 | Build | Palisade Wall |
| 4:18 | Build | Palisade Wall |
| 4:19 | Build | Palisade Wall |
| 4:26 | Create | Villager (Male) |
| 4:45 | Build | Mill |
| 4:49 | Create | Villager (Male) |
| 4:49 | Create | Villager (Male) |
| 5:12 | Create | Militia |
| 5:12 | Create | Militia |
| 5:16 | Build | House |
| 5:42 | Create | Villager (Male) |
| 5:43 | Create | Militia |
| 6:15 | Build | Palisade Wall |
| 6:18 | Create | Villager (Male) |
| 6:21 | Build | Palisade Wall |
| 6:29 | Create | Militia |
| 6:29 | Create | Militia |
| 6:31 | Build | House |
| 6:45 | Build | Palisade Wall |
| 6:45 | Build | Palisade Wall |
| 6:47 | Build | Palisade Wall |
| 6:52 | Create | Villager (Male) |
| 7:15 | Create | Villager (Male) |
| 7:15 | Create | Villager (Male) |
| 7:23 | Build | Lumber Camp |
| 7:24 | Create | Villager (Male) |
| 7:50 | Create | Villager (Male) |
| 7:53 | Build | House |
| 8:42 | Build | House |
| 8:43 | Build | House |
| 8:46 | Build | Palisade Wall |
| 8:47 | Build | Palisade Wall |
| 8:58 | Create | Villager (Male) |
| 9:23 | Create | Villager (Male) |
| 9:25 | Build | House |
| 9:39 | Build | Farm |
| 9:45 | Create | Villager (Male) |
| 9:57 | Build | Farm |
| 10:16 | Build | Mining Camp |
| 10:21 | Create | Villager (Male) |
| 10:30 | Build | House |
| 10:33 | Build | Palisade Wall |
| 10:35 | Build | Palisade Wall |
| 10:41 | Create | Villager (Male) |
| 10:48 | Build | Palisade Wall |
| 10:50 | Build | Palisade Wall |
| 10:51 | Build | Palisade Wall |
| 11:01 | Build | Palisade Wall |
| 11:10 | Create | Villager (Male) |
| 11:12 | Build | Palisade Wall |
| 11:14 | Build | Palisade Wall |
| 11:34 | Create | Villager (Male) |
| 11:45 | Build | Palisade Wall |
| 12:02 | Research | Feudal Age |
| 12:04 | Build | House |
| 12:05 | Build | House |
| 12:06 | Build | House |
| 12:19 | Build | Lumber Camp |
| 12:33 | Build | House |
| 12:35 | Build | House |
| 12:43 | Build | Farm |
| 12:58 | Build | House |
| 13:01 | Build | House |
| 13:05 | Build | House |
| 13:23 | Build | Farm |
| 13:33 | Build | House |
| 13:50 | Build | Farm |
| 13:55 | Build | House |
| 13:59 | Build | House |
| 14:08 | Build | Palisade Wall |
| 14:12 | Age | Feudal Age |
| 14:14 | Create | Villager (Male) |
| 14:14 | Create | Villager (Male) |
| 14:18 | Research | Loom |
| 14:42 | Build | Market |
| 14:56 | Create | Villager (Male) |
| 15:27 | Build | Blacksmith |
| 15:32 | Create | Villager (Male) |
| 15:50 | Build | Farm |
| 16:05 | Research | Castle Age |
| 16:55 | Build | Barracks |
| 17:13 | Build | Barracks |
| 17:15 | Build | House |
| 17:31 | Build | Barracks |
| 17:43 | Create | Villager (Male) |
| 17:44 | Create | Villager (Male) |
| 18:11 | Build | Lumber Camp |
| 18:16 | Build | Palisade Wall |
| 18:18 | Build | Palisade Wall |
| 18:45 | Age | Castle Age |
| 18:45 | Create | Unit 1974 |
| 18:45 | Create | Unit 1974 |
| 18:45 | Create | Unit 1974 |
| 18:50 | Create | Unit 1974 |
| 18:50 | Create | Unit 1974 |
| 19:09 | Build | Farm |
| 19:26 | Create | Villager (Male) |
| 19:39 | Build | Farm |
| 19:42 | Build | Farm |
| 20:01 | Create | Villager (Male) |
| 20:04 | Build | Farm |
| 20:05 | Build | Farm |
| 20:26 | Create | Unit 1974 |
| 20:26 | Create | Unit 1974 |
| 20:44 | Build | Mining Camp |
| 20:52 | Build | Farm |
| 20:53 | Create | Villager (Male) |
| 21:00 | Create | Villager (Male) |
| 21:37 | Build | Siege Workshop |
| 21:43 | Create | Villager (Male) |
| 21:46 | Build | Farm |
| 21:53 | Create | Unit 1974 |
| 21:57 | Create | Unit 1974 |
| 21:59 | Create | Villager (Male) |
| 22:16 | Build | Farm |
| 22:24 | Create | Unit 1974 |
| 22:27 | Create | Unit 1974 |
| 22:44 | Build | Farm |
| 22:46 | Create | Villager (Male) |
| 22:58 | Create | Unit 1974 |
| 23:04 | Build | Farm |
| 23:14 | Create | Battering Ram |
| 23:19 | Create | Villager (Male) |
| 23:19 | Create | Unit 1974 |
| 23:28 | Build | Farm |
| 23:30 | Create | Unit 1974 |
| 23:55 | Create | Villager (Male) |
| 23:56 | Create | Unit 1974 |
| 24:11 | Create | Unit 1974 |
| 24:11 | Create | Unit 1974 |
| 24:12 | Create | Unit 1974 |
| 24:18 | Create | Scorpion |
| 24:20 | Create | Villager (Male) |
| 24:29 | Build | Mining Camp |
| 24:31 | Create | Villager (Male) |
Match timeline
| 4:15 | SaintedByArmor · first_building Barracks |
| 4:16 | SaintedByArmor · wall_segment Palisade Wall x1 |
| 4:18 | SaintedByArmor · wall_segment Palisade Wall x1 |
| 4:19 | SaintedByArmor · wall_segment Palisade Wall x2 |
| 5:58 | m0re · wall_segment Palisade Wall x1 |
| 6:02 | m0re · wall_segment Palisade Wall x1 |
| 6:05 | m0re · wall_segment Palisade Wall x1 |
| 6:15 | SaintedByArmor · wall_segment Palisade Wall x1 |
| 6:21 | SaintedByArmor · wall_segment Palisade Wall x1 |
| 6:45 | SaintedByArmor · wall_segment Palisade Wall x1 |
| 6:45 | SaintedByArmor · wall_segment Palisade Wall x1 |
| 6:47 | SaintedByArmor · wall_segment Palisade Wall x1 |
| 6:49 | m0re · wall_segment Palisade Wall x1 |
| 7:21 | m0re · first_building Barracks |
| 8:01 | m0re · age_up feudal |
| 8:46 | SaintedByArmor · wall_segment Palisade Wall x1 |
| 8:47 | SaintedByArmor · wall_segment Palisade Wall x11 |
| 9:22 | m0re · first_building Archery Range |
| 10:33 | SaintedByArmor · wall_segment Palisade Wall x12 |
| 10:35 | SaintedByArmor · wall_segment Palisade Wall x1 |
| 10:48 | SaintedByArmor · wall_segment Palisade Wall x1 |
| 10:50 | SaintedByArmor · wall_segment Palisade Wall x1 |
| 10:51 | SaintedByArmor · wall_segment Palisade Wall x4 |
| 11:01 | SaintedByArmor · wall_segment Palisade Wall x9 |
| 11:12 | SaintedByArmor · wall_segment Palisade Wall x1 |
| 11:14 | SaintedByArmor · wall_segment Palisade Wall x4 |
| 11:45 | SaintedByArmor · wall_segment Palisade Wall x1 |
| 14:08 | SaintedByArmor · wall_segment Palisade Wall x1 |
| 14:12 | SaintedByArmor · age_up feudal |
| 14:34 | m0re · wall_segment Stone Wall x1 |
| 14:35 | m0re · wall_segment Stone Wall x1 |
| 14:36 | m0re · wall_segment Stone Wall x1 |
| 14:36 | m0re · wall_segment Stone Wall x1 |
| 14:38 | m0re · wall_segment Stone Wall x1 |
| 14:44 | m0re · wall_segment Stone Wall x1 |
| 14:45 | m0re · wall_segment Stone Wall x1 |
| 14:45 | m0re · wall_segment Stone Wall x1 |
| 14:47 | m0re · wall_segment Stone Wall x7 |
| 14:53 | m0re · wall_segment Stone Wall x15 |
| 14:56 | m0re · wall_segment Stone Wall x10 |
| 15:26 | m0re · wall_segment Palisade Wall x1 |
| 15:26 | m0re · wall_segment Palisade Wall x1 |
| 15:27 | m0re · wall_segment Palisade Wall x1 |
| 15:27 | m0re · wall_segment Palisade Wall x1 |
| 15:36 | SaintedByArmor · first_market_sell 100 stone |
| 15:37 | SaintedByArmor · first_market_buy 100 food |
| 18:00 | m0re · wall_segment Palisade Wall x3 |
| 18:00 | m0re · wall_segment Palisade Wall x3 |
| 18:01 | m0re · wall_segment Palisade Wall x3 |
| 18:01 | m0re · wall_segment Palisade Wall x2 |
| 18:01 | m0re · wall_segment Palisade Wall x1 |
| 18:16 | SaintedByArmor · wall_segment Palisade Wall x1 |
| 18:18 | SaintedByArmor · wall_segment Palisade Wall x4 |
| 18:45 | SaintedByArmor · age_up castle |
| 19:34 | m0re · wall_segment Palisade Wall x1 |
| 19:35 | m0re · wall_segment Palisade Wall x1 |
| 20:16 | m0re · wall_segment Palisade Wall x1 |
| 20:17 | m0re · wall_segment Palisade Wall x1 |
| 20:23 | m0re · first_market_buy 100 food |
| 20:26 | m0re · first_market_sell 100 wood |
| 21:37 | SaintedByArmor · first_building Siege Workshop |
| 22:38 | m0re · wall_segment Palisade Wall x1 |
| 22:39 | m0re · wall_segment Palisade Wall x1 |
| 23:02 | m0re · wall_segment Palisade Wall x1 |
| 23:04 | m0re · wall_segment Palisade Wall x1 |
| 23:05 | m0re · wall_segment Palisade Wall x1 |
| 23:09 | m0re · wall_segment Palisade Wall x1 |
| 23:15 | m0re · wall_segment Palisade Wall x1 |
| 23:16 | m0re · wall_segment Palisade Wall x1 |
| 23:16 | m0re · age_up castle |
| 23:17 | m0re · wall_segment Palisade Wall x1 |
| 23:25 | m0re · first_building Monastery |
| 23:31 | m0re · first_building Castle |
| 23:45 | m0re · wall_segment Stone Wall x6 |
| 23:46 | m0re · wall_segment Stone Wall x3 |
| 26:30 | m0re · wall_segment Stone Wall x1 |
| 30:23 | m0re · wall_segment Stone Wall x1 |
| 30:24 | m0re · wall_segment Stone Wall x1 |
| 33:39 | SaintedByArmor · resign |
[ AI ANALYSIS · 1 CREDIT ]
What really happened in this match?
Wolo.gg analyzes every decision: build order, eco, micro, common mistakes by bracket. Personalized analysis on WhatsApp or Discord in 30 seconds.
Civ guide
Mapuche
Perfil
Jugador #279036